 Dungeon Crawl Stone Soup version 0.26.0-45-g9c1d065592 (webtiles) character file.

Game seed: 13900752383411855631

26 kaeus the Sneak (level 3, -9/22 HPs)
             Began as an Octopode Enchanter on Jan 29, 2021.
             Mangled by a gnoll
             ... wielding a +0 spear
              (10 damage)
             ... on level 1 of the Dungeon.
             The game lasted 00:00:27 (609 turns).

kaeus the Sneak (Octopode Enchanter)                 Turns: 609, Time: 00:00:27

Health: -9/22      AC:  1    Str:  7    XL:     3   Next: 8%
Magic:  6/6        EV: 13    Int: 17    God:
Gold:   24         SH:  0    Dex: 13    Spells: 5/6 levels left

rFire    . . .     SeeInvis .   a - +1 dagger
rCold    . . .     Faith    .   (no shield)
rNeg     . . .     Spirit   .   (helmet restricted)
rPois    .         Reflect  .   (no amulet)
rElec    .         Harm     .   (no ring)
rCorr    .         Rampage  .   (no ring)
Will     .....                  (no ring)
Stlth    ++++......             (no ring)
HPRegen  0.07/turn              (no ring)
MPRegen  0.10/turn              (no ring)
                                (no ring)
                                (no ring)

@: no status effects
A: almost no armour, stealthy swim, amphibious, 8 rings, constrict 8, camouflage
1, gelatinous body 1
a: no special abilities


You were on level 1 of the Dungeon.
You visited 1 branch of the dungeon, and saw 1 of its levels.

You collected 24 gold pieces.

Inventory:

Hand Weapons
 a - a +1 dagger (weapon)
Scrolls
 b - 2 scrolls of identify {unknown}
 d - a scroll of fog {unknown}
 f - a scroll of enchant weapon {unknown}
 g - a scroll of remove curse {unknown}
 i - a scroll of noise {unknown}
Potions
 c - 2 potions of curing {unknown}
 e - a potion of heal wounds {unknown}
 h - a potion of flight {unknown}


   Skills:
 + Level 0.7 Fighting
 + Level 1.4 Short Blades
 + Level 2.2 Dodging
 * Level 4.6 Stealth
 + Level 2.1 Spellcasting
 + Level 3.1 Hexes


You had 5 spell levels left.
You knew the following spells:

 Your Spells              Type           Power        Failure   Level
a - Corona                Hex            13%          5%          1

Your spell library contained the following spells:

 Spells                   Type           Power        Failure   Level
 Ensorcelled Hibernation  Hex/Ice        14%          16%         2
 Confusing Touch          Hex            12%          16%         3
 Tukima's Dance           Hex            12%          16%         3
 Dazzling Flash           Conj/Hex       14%          30%         3


Dungeon Overview and Level Annotations

Branches:
Dungeon (1/15)

Altars:


Innate Abilities, Weirdness & Mutations

You cannot wear most types of armour.
You are very stealthy in the water. (Stealth+)
You are amphibious.
You can wear up to eight rings at the same time.
You can use your tentacles to constrict eight enemies at once.
Your skin changes colour to match your surroundings (Stealth+).
Your rubbery body absorbs attacks. (AC +1, EV +1)


Message History

The hobgoblin is heavily wounded.
You constrict the hobgoblin. The bat hits you. The hobgoblin barely misses you.
The gnoll closely misses you.
You take 1 damage, and have 11/22 hp.
You hit the hobgoblin but do no damage.
The hobgoblin is severely wounded.
You constrict the hobgoblin. The bat closely misses you.
The hobgoblin misses you.
The gnoll hits you from afar with a +0 spear.
You take 4 damage, and have 7/22 hp.
You hit the hobgoblin.
You kill the hobgoblin!
The bat barely misses you.
The gnoll hits you from afar with a +0 spear.
* * * LOW HITPOINT WARNING * * *
You take 5 damage, and have 2/22 hp.
MASSIVE DAMAGE!!
The bat hits you.
* * * LOW HITPOINT WARNING * * *
The gnoll hits you with a +0 spear!
You die...

......h........ ...
#..#####.####... .## #..# #...# .
#### #.# #..# #...# #... #.#.#
#..# #...# #... # #.#.# #..#
#...# #... # #.#.# #.)# #.hg#
#... # #.#.# #..# ###g# #... #
#.#.###..#####@# #...
###.#.#)......b..# #...
....#.#.#.#.##################...
....†...#.)......).....†.........
..###.#####.#####################
#.# #.#.....# #.# #.#.##### #.#
#.#.# #.# #.#.#


You could see a gnoll, a jackal, a hobgoblin and a bat.

Vanquished Creatures
  2 dart slugs (D:1)
  2 leopard geckos (D:1)
  3 bats (D:1)
  2 goblins (D:1)
  3 hobgoblins (D:1)
  A jackal (D:1)
  A frilled lizard (D:1)
  4 kobolds (D:1)
  A rat (D:1)
19 creatures vanquished.

Notes
Turn   | Place    | Note
-------+----------+-------------------------------------------
     0 | D:1      | kaeus the Octopode Enchanter began the quest for the Orb.
     0 | D:1      | Reached XP level 1. HP: 11/11 MP: 3/3
   182 | D:1      | Reached XP level 2. HP: 5/18 MP: 5/5
   604 | D:1      | Reached XP level 3. HP: 12/22 MP: 6/6
   609 | D:1      | HP: 1/22 [bat (1)]
   609 | D:1      | Mangled by a gnoll

Illustrated notes

Levels and vault maps discovered:
D:1:      lightli_arrival_chessboard, layout_basic

Action                   || total
-------------------------++-------
Melee: Dagger            ||    43
       Constrict         ||    12
       Tentacles         ||     6
 Stab: Sleeping          ||     5
Armor: Skin              ||     5
Dodge: Dodged            ||    50
